AoeStats
← A Bá

Black Forest

509621710Analyzed
4v4 RM · 6d ago on Sep 27, 2026· 52m 54s· 8 players
Game mode
Random Map
Map size
Large (8 player)
Population
200
Speed
Normal
Resources
Standard
Victory
Conquest
Starting age
Dark Age
Ending age
Imperial Age
RankedLock teamsTeams togetherTeam positionsShared explorationLock speedFull tech treeHidden civsTurbo modeCheats
Victory
Defeat
🇨🇳 Mongols · China
1273
+16
🇹🇼 Goths · Taiwan
1247
+17
🇦🇺 Spanish · Australia
1229
+17
🇻🇳 Bohemians · Vietnam
1211
+18
🇮🇳 Turks · India
1290
-18
🇫🇷 Danes · France
1280
-18
🇱🇺 Saxons · Luxembourg
1254
-17
🇹🇼 Magyars · Taiwan
1219
-15
BC
2:56 Loom
12:21 Feudal Age
13:23 Double-Bit Axe
16:22 Castle Age
17:36 Wheelbarrow
18:19 Wheelbarrow
18:31 Bow Saw
18:08 Horse Collar
18:29 Stone Mining
27:51 Fishing Lines
28:29 Horse Collar
31:53 Imperial Age
30:05 Hand Cart
30:42 Anarchy
30:53 Forging
30:45 Scale Mail Armor
30:54 Heavy Plow
31:42 Squires
32:19 Iron Casting
31:55 Town Watch
33:19 Conscription
34:12 Crop Rotation
34:14 Chain Mail Armor
35:14 Blast Furnace
33:39 Elite Huskarl
34:23 Perfusion
34:27 Town Patrol
35:14 Gold Mining
36:12 Man-at-Arms
37:01 Long Swordsman
37:08 Long Swordsman
37:52 Two-Handed Swordsman
44:31 Pikeman
45:10 Halberdier
Leven仔不会玩
0:56 Loom
1:10 Loom
12:23 Feudal Age
12:49 Fishing Lines
16:38 Castle Age
15:02 Double-Bit Axe
15:00 Horse Collar
20:18 Bow Saw
24:09 Gillnets
26:25 Wheelbarrow
27:45 Hand Cart
31:38 Imperial Age
28:56 Town Watch
29:27 Gold Mining
29:28 Stone Mining
29:42 Heavy Plow
31:06 Stone Shaft Mining
31:07 Gold Shaft Mining
30:58 Ballistics
30:42 Padded Archer Armor
30:33 Fletching
31:12 Thumb Ring
31:19 Bloodlines
31:10 Husbandry
30:31 Light Cavalry
31:55 Leather Archer Armor
32:08 Bodkin Arrow
32:23 Scale Barding Armor
32:29 Forging
32:50 Parthian Tactics
33:39 Chemistry
33:06 Conscription
32:43 Elite Mangudai
33:24 Nomads
34:13 Bracer
34:37 Chain Barding Armor
34:54 Iron Casting
33:44 Capped Ram
34:46 Caravan
35:28 Drill
35:43 Hussar
37:51 Blast Furnace
53:00 Hoardings
Súc Vật Du Phong
0:31 Loom
11:34 Feudal Age
12:38 Double-Bit Axe
15:16 Castle Age
13:29 Horse Collar
18:27 Fletching
28:25 Wheelbarrow
30:44 Hand Cart
34:46 Imperial Age
33:24 Heavy Plow
34:45 Chemistry
34:48 Scale Mail Armor
35:00 Forging
35:17 Bow Saw
34:41 Pikeman
35:21 Squires
37:32 Iron Casting
37:54 Conscription
39:13 Halberdier
A Bá
1:35 Loom
13:07 Feudal Age
14:18 Double-Bit Axe
18:14 Castle Age
20:32 Stone Mining
20:35 Gold Mining
23:00 Horse Collar
28:45 Husbandry
30:13 Bloodlines
30:56 Padded Archer Armor
32:07 Leather Archer Armor
34:06 Wheelbarrow
34:57 Fishing Lines
37:54 Imperial Age
36:07 Fortified Wall
38:37 Bow Saw
38:34 Town Watch
38:41 Cavalier
40:14 Scale Barding Armor
40:20 Forging
42:08 Hand Cart
46:16 Iron Casting
46:02 Chain Barding Armor
48:03 Blast Furnace
48:09 Blast Furnace
47:46 Gillnets
50:12 Paladin
52:17 Plate Barding Armor
The REAL Pepsiman
0:31 Loom
12:22 Feudal Age
17:24 Castle Age
16:28 Double-Bit Axe
16:49 Fishing Lines
24:28 Fletching
26:03 Bodkin Arrow
42:22 Bow Saw
43:33 Gold Mining
44:47 Forging
44:38 Scale Mail Armor
47:41 Arson
47:57 Squires
51:06 Imperial Age
48:50 Gillnets
韓國魚
1:17 Loom
12:49 Feudal Age
17:22 Castle Age
15:38 Double-Bit Axe
16:26 Fishing Lines
18:16 Bow Saw
22:09 Gillnets
23:26 Town Watch
25:39 Gold Mining
26:44 Thumb Ring
27:09 Fletching
27:20 Padded Archer Armor
31:41 Imperial Age
29:45 Ballistics
30:27 Bloodlines
30:17 Husbandry
30:20 Bodkin Arrow
30:41 Leather Archer Armor
30:28 Stone Mining
31:18 Gold Shaft Mining
31:54 Masonry
31:59 Horse Collar
31:45 Heavy Cavalry Archer
32:50 Parthian Tactics
32:28 Bracer
33:46 Chemistry
33:09 Scale Barding Armor
33:39 Ring Archer Armor
34:37 Two-Man Saw
34:34 Conscription
34:18 Corvinian Army
34:50 Chain Barding Armor
34:57 Elite Magyar Huszar
37:46 Caravan
38:24 Plate Barding Armor
38:35 Recurve Bow
41:25 Scale Mail Armor
41:48 Siege Engineers
41:23 Treadmill Crane
48:38 Coinage
Lord Ramsay Bolton
0:46 Loom
11:21 Feudal Age
13:25 Double-Bit Axe
13:59 Horse Collar
19:09 Castle Age
17:41 Gold Mining
17:54 Scale Mail Armor
22:32 Wheelbarrow
23:54 Gold Shaft Mining
25:07 Stone Mining
29:04 Imperial Age
27:13 Masonry
28:37 Fortified Wall
28:26 Town Watch
29:03 Bow Saw
29:06 Heavy Plow
29:21 Gambesons
31:12 Hand Cart
31:22 Ballistics
30:54 Arson
31:10 Squires
31:46 Chain Mail Armor
31:23 Fletching
31:53 Elite Hearth Troop
32:55 Forging
33:48 Crop Rotation
34:00 Plate Mail Armor
33:53 Conscription
33:40 Shield Wall
34:04 Pikeman
34:54 Padded Archer Armor
34:56 Halberdier
37:00 Iron Casting
38:25 Bodkin Arrow
40:56 Elite Skirmisher
41:42 Thumb Ring
43:54 Bracer
43:34 Man-at-Arms
ayushdy2004
12:17 Feudal Age
16:09 Castle Age
14:02 Fishing Lines
15:46 Double-Bit Axe
17:00 Bow Saw
17:32 Gillnets
22:39 Gold Mining
29:54 Imperial Age
27:11 Loom
28:53 Wheelbarrow
31:12 Gold Shaft Mining
30:45 Padded Archer Armor
32:23 Stone Mining
34:07 Leather Archer Armor
34:25 Hand Cart
33:57 Town Watch
36:24 Coinage
38:28 Bombard Tower
38:03 Murder Holes
38:19 Masonry
37:50 Treadmill Crane
41:15 Artillery
46:26 Scale Barding Armor
46:31 Forging
47:04 Banking
48:28 Chain Barding Armor
48:45 Iron Casting
Connection lost

Rejoining the realm…

Still unreachable

The connection could not be restored.

Session expired

The server has moved on; the page needs a fresh start.